General information
- name: BNet
- type: Ladder team game (AT/RT)
- host: Battle.net
- saver: HEYNANCY
map: Deadlock
- players: 8
- length: 28:08
- speed: Fast
- version: 1.28 W3XP
- replay type: Public
» download(286 KB)
Players
team 1 (winner)
Kazakhstan (
yellow | 60 APM | 1211 actions | 20:18)
4 Mountain King
2 Storm Bolt
2 Bash
» actions
| Assign group hotkey | 60 | |
| Basic commands | 13 | |
| Build / train | 65 | |
| Enter build submenu | 23 | |
| Enter hero's abilities submenu | 4 | |
| Remove unit from queue | 3 | |
| Right click | 496 | |
| Select / deselect | 273 | |
| Select group hotkey | 218 | |
| Use ability | 56 | |
1211 total
» units
| Peasant | 20 | |
| Footman | 7 | |
| Dragonhawk Rider | 4 | |
| Rifleman | 1 | |
| Knight | 1 | |
33 total
» upgrades
| Defend | 1 | |
| Lumber Harvesting | 2 | |
| Masonry | 3 | |
| Armor | 1 | |
| Swords | 1 | |
| Cloud | 1 | |
| Animal War Training | 1 | |
10 total
» buildings
| Altar of Kings | 1 | |
| Farm | 9 | |
| Barracks | 1 | |
| Lumber Mill | 1 | |
| Scout Tower | 9 | |
| Arcane Tower | 3 | |
| Guard Tower | 5 | |
| Keep | 2 | |
| Arcane Vault | 1 | |
| Blacksmith | 1 | |
| Gryphon Aviary | 2 | |
| Castle | 2 | |
37 total
» build order
00:22 Altar of Kings
00:36 Farm
00:52 Barracks
01:04 Lumber Mill
01:11 Farm
01:47 Farm
01:52 Scout Tower
02:17 Arcane Tower
02:18 Arcane Tower
02:27 Farm
03:06 Farm
03:26 Scout Tower
03:47 Scout Tower
03:56 Guard Tower
03:56 Guard Tower
04:30 Guard Tower
04:35 Farm
04:58 Keep
04:58 Keep
05:11 Farm
05:15 Arcane Vault
06:02 Blacksmith
07:21 Gryphon Aviary
07:24 Gryphon Aviary
08:53 Farm
09:13 Scout Tower
09:42 Guard Tower
09:42 Guard Tower
09:44 Farm
09:59 Castle
09:59 Castle
12:13 Scout Tower
13:08 Arcane Tower
14:52 Scout Tower
14:54 Scout Tower
14:56 Scout Tower
14:59 Scout Tower
» items
| Scroll of Town Portal | 1 | |
| Scroll of Regeneration | 1 | |
| Lesser Clarity Potion | 1 | |
| Staff of Teleportation | 1 | |
4 total
HEYNANCY (
purple | 92 APM | 2588 actions | 28:08)
10 Archmage
3 Summon Water Elemental
3 Brilliance Aura
1 Mass Teleport
3 Blizzard
» actions
| Assign group hotkey | 149 | |
| Basic commands | 21 | |
| Build / train | 91 | |
| Enter build submenu | 70 | |
| Enter hero's abilities submenu | 11 | |
| Give item / drop item | 4 | |
| Remove unit from queue | 3 | |
| Right click | 926 | |
| Select / deselect | 405 | |
| Select group hotkey | 705 | |
| Use ability | 203 | |
2588 total
» units
| Peasant | 19 | |
| Footman | 4 | |
| Gryphon Rider | 5 | |
| Dragonhawk Rider | 7 | |
35 total
» upgrades
| Lumber Harvesting | 2 | |
| Masonry | 3 | |
| Swords | 3 | |
| Armor | 4 | |
| Storm Hammers | 1 | |
| Animal War Training | 1 | |
| Cloud | 1 | |
15 total
» buildings
| Altar of Kings | 1 | |
| Barracks | 1 | |
| Farm | 12 | |
| Arcane Vault | 2 | |
| Keep | 1 | |
| Town Hall | 3 | |
| Lumber Mill | 2 | |
| Scout Tower | 34 | |
| Castle | 1 | |
| Gryphon Aviary | 5 | |
| Blacksmith | 2 | |
| Guard Tower | 8 | |
72 total
» build order
00:48 Altar of Kings
00:50 Barracks
00:52 Farm
00:53 Farm
01:05 Farm
01:36 Farm
02:53 Arcane Vault
03:56 Keep
04:23 Town Hall
04:40 Lumber Mill
05:33 Scout Tower
05:35 Scout Tower
05:36 Scout Tower
05:38 Scout Tower
05:40 Scout Tower
06:17 Castle
07:45 Gryphon Aviary
07:46 Gryphon Aviary
07:48 Gryphon Aviary
07:49 Gryphon Aviary
07:52 Blacksmith
07:55 Blacksmith
08:06 Gryphon Aviary
08:57 Farm
09:09 Scout Tower
09:10 Scout Tower
09:11 Scout Tower
09:16 Scout Tower
09:16 Scout Tower
09:23 Scout Tower
09:23 Scout Tower
09:42 Guard Tower
09:42 Guard Tower
10:11 Guard Tower
10:13 Guard Tower
10:34 Town Hall
14:41 Arcane Vault
14:45 Scout Tower
14:46 Scout Tower
14:47 Scout Tower
14:50 Lumber Mill
15:34 Guard Tower
17:03 Scout Tower
17:17 Scout Tower
17:19 Scout Tower
17:20 Scout Tower
17:21 Scout Tower
17:55 Farm
17:58 Farm
17:58 Farm
18:17 Farm
18:18 Farm
18:20 Farm
18:20 Farm
21:51 Scout Tower
21:51 Scout Tower
21:51 Scout Tower
21:51 Scout Tower
21:52 Scout Tower
21:52 Scout Tower
21:52 Scout Tower
21:53 Scout Tower
21:53 Scout Tower
21:53 Scout Tower
23:04 Guard Tower
23:05 Scout Tower
23:05 Scout Tower
23:05 Scout Tower
23:06 Scout Tower
23:11 Guard Tower
23:49 Guard Tower
24:31 Town Hall
» items
| Scroll of Regeneration | 4 | |
| Scroll of Town Portal | 5 | |
| Staff of Sanctuary | 1 | |
| Potion of Healing | 1 | |
| Potion of Mana | 1 | |
| Mechanical Critter | 5 | |
17 total
voltor (
pink | 54 APM | 1093 actions | 20:20)
3 Archmage
2 Summon Water Elemental
1 Brilliance Aura
1 Mountain King
1 Storm Bolt
» actions
| Assign group hotkey | 21 | |
| Basic commands | 116 | |
| Build / train | 77 | |
| Enter build submenu | 20 | |
| Enter hero's abilities submenu | 4 | |
| Give item / drop item | 1 | |
| Right click | 288 | |
| Select / deselect | 289 | |
| Select group hotkey | 219 | |
| Use ability | 57 | |
1093 total
» units
| Peasant | 24 | |
| Footman | 10 | |
| Priest | 6 | |
| Knight | 2 | |
42 total
» upgrades
| Defend | 1 | |
| Swords | 3 | |
| Animal War Training | 1 | |
| Masonry | 1 | |
| Lumber Harvesting | 1 | |
| Priest Training | 2 | |
9 total
» buildings
| Altar of Kings | 1 | |
| Barracks | 2 | |
| Farm | 8 | |
| Town Hall | 3 | |
| Keep | 2 | |
| Blacksmith | 1 | |
| Arcane Vault | 1 | |
| Castle | 1 | |
| Arcane Sanctum | 1 | |
| Arcane Tower | 1 | |
| Lumber Mill | 1 | |
22 total
» build order
00:10 Altar of Kings
00:23 Barracks
00:38 Farm
00:54 Farm
01:33 Farm
02:28 Farm
03:39 Town Hall
06:15 Keep
07:11 Barracks
07:14 Blacksmith
09:00 Arcane Vault
09:14 Castle
09:21 Arcane Sanctum
09:40 Farm
10:28 Arcane Tower
10:34 Lumber Mill
10:41 Farm
10:44 Farm
12:51 Farm
16:43 Town Hall
19:30 Keep
19:36 Town Hall
» items
| Boots of Speed | 1 | |
| Scroll of Regeneration | 1 | |
| Scroll of Town Portal | 3 | |
| Potion of Healing | 3 | |
| Potion of Mana | 2 | |
| Ivory Tower | 4 | |
| Orb of Fire | 1 | |
| Staff of Sanctuary | 1 | |
16 total
youRnoob (
teal | 74 APM | 1570 actions | 21:13)
3 Mountain King
2 Storm Bolt
1 Bash
» actions
| Basic commands | 2 | |
| Build / train | 69 | |
| Enter build submenu | 42 | |
| Enter hero's abilities submenu | 3 | |
| Right click | 1095 | |
| Select / deselect | 269 | |
| Use ability | 90 | |
1570 total
» units
| Peasant | 24 | |
| Footman | 5 | |
| Mortar Team | 17 | |
| Sorceress | 6 | |
52 total
» upgrades
| Lumber Harvesting | 1 | |
| Sorceress Training | 1 | |
| Gunpowder | 2 | |
| Armor | 2 | |
6 total
» buildings
| Altar of Kings | 1 | |
| Barracks | 1 | |
| Farm | 29 | |
| Scout Tower | 1 | |
| Arcane Tower | 1 | |
| Keep | 1 | |
| Arcane Vault | 1 | |
| Town Hall | 1 | |
| Blacksmith | 1 | |
| Lumber Mill | 1 | |
| Arcane Sanctum | 1 | |
| Workshop | 2 | |
| Castle | 1 | |
42 total
» build order
00:08 Altar of Kings
00:09 Barracks
00:37 Farm
01:12 Farm
01:36 Farm
02:11 Scout Tower
02:40 Arcane Tower
03:33 Keep
04:30 Arcane Vault
04:47 Town Hall
05:02 Blacksmith
05:08 Lumber Mill
05:39 Farm
06:19 Farm
06:23 Arcane Sanctum
06:27 Workshop
07:23 Workshop
09:22 Farm
09:30 Farm
09:43 Farm
09:50 Farm
11:21 Farm
11:23 Farm
11:26 Farm
13:45 Castle
13:55 Farm
20:16 Farm
20:19 Farm
20:25 Farm
20:27 Farm
20:29 Farm
20:31 Farm
20:34 Farm
20:36 Farm
20:37 Farm
20:40 Farm
20:43 Farm
20:48 Farm
20:52 Farm
21:04 Farm
21:06 Farm
21:09 Farm
» items
| Scroll of Regeneration | 2 | |
| Lesser Clarity Potion | 1 | |
| Scroll of Town Portal | 1 | |
4 total
team 2 (loser)
FOXy (
blue | 55 APM | 1385 actions | 24:58)
5 Death Knight
3 Death Coil
2 Unholy Aura
3 Lich
2 Frost Nova
1 Frost Armor
» actions
| Basic commands | 6 | |
| Build / train | 56 | |
| Enter build submenu | 13 | |
| Enter hero's abilities submenu | 8 | |
| Give item / drop item | 6 | |
| Right click | 849 | |
| Select / deselect | 380 | |
| Use ability | 67 | |
1385 total
» units
| Acolyte | 2 | |
| Ghoul | 2 | |
| Crypt Fiend | 17 | |
| Frost Wyrm | 4 | |
25 total
» upgrades
| Creature Attack | 3 | |
| Web | 1 | |
| Creature Carapace | 1 | |
5 total
» buildings
| Graveyard | 1 | |
| Crypt | 1 | |
| Altar of Darkness | 1 | |
| Ziggurat | 7 | |
| Tomb of Relics | 1 | |
| Nerubian Tower | 1 | |
| Halls of the Dead | 2 | |
| Sacrificial Pit | 1 | |
| Black Citadel | 1 | |
| Boneyard | 1 | |
17 total
» build order
00:10 Graveyard
00:19 Crypt
00:43 Altar of Darkness
00:59 Ziggurat
01:43 Tomb of Relics
01:54 Nerubian Tower
02:04 Ziggurat
03:36 Ziggurat
04:24 Halls of the Dead
04:25 Halls of the Dead
05:38 Ziggurat
07:41 Sacrificial Pit
07:45 Black Citadel
10:09 Boneyard
11:57 Ziggurat
16:24 Ziggurat
20:51 Ziggurat
» items
| Rod of Necromancy | 2 | |
| Scroll of Town Portal | 8 | |
| Potion of Healing | 1 | |
11 total
Fishay_Pussay (
red | 48 APM | 1291 actions | 26:58)
5 Demon Hunter
3 Evasion
2 Mana Burn
» actions
| Assign group hotkey | 13 | |
| Basic commands | 14 | |
| Build / train | 132 | |
| Enter build submenu | 37 | |
| Enter hero's abilities submenu | 5 | |
| Remove unit from queue | 4 | |
| Right click | 597 | |
| Select / deselect | 268 | |
| Select group hotkey | 149 | |
| Use ability | 72 | |
1291 total
» units
| Wisp | 59 | |
| Huntress | 3 | |
| Mountain Giant | 1 | |
| Dryad | 5 | |
| Hippogryph | 19 | |
| Chimaera | 8 | |
95 total
» upgrades
| Ultravision | 1 | |
| Nature's Blessing | 1 | |
| Strength of the Wild | 2 | |
| Reinforced Hides | 2 | |
| Abolish Magic | 1 | |
| Corrosive Breath | 1 | |
| Well Spring | 1 | |
9 total
» buildings
| Altar of Elders | 1 | |
| Moon Well | 8 | |
| Ancient of War | 1 | |
| Hunter's Hall | 1 | |
| Ancient of Wonders | 3 | |
| Tree of Ages | 3 | |
| Ancient Protector | 8 | |
| Tree of Life | 4 | |
| Tree of Eternity | 3 | |
| Ancient of Lore | 2 | |
| Ancient of Wind | 2 | |
| Chimaera Roost | 2 | |
| Spirit Tower | 1 | |
39 total
» build order
00:20 Altar of Elders
00:33 Moon Well
00:49 Moon Well
01:57 Moon Well
02:08 Ancient of War
02:26 Hunter's Hall
02:36 Ancient of Wonders
03:32 Tree of Ages
03:37 Ancient Protector
04:08 Tree of Life
04:37 Ancient Protector
05:47 Ancient Protector
06:51 Moon Well
07:39 Tree of Eternity
07:52 Moon Well
08:29 Ancient of Lore
08:32 Ancient of Lore
08:44 Ancient of Wind
08:48 Ancient Protector
08:51 Ancient Protector
09:02 Ancient Protector
09:10 Ancient Protector
09:41 Moon Well
10:46 Chimaera Roost
11:02 Chimaera Roost
12:16 Ancient of Wind
12:24 Moon Well
12:42 Tree of Ages
12:42 Tree of Ages
13:10 Tree of Life
15:33 Tree of Life
15:35 Tree of Eternity
15:36 Tree of Eternity
18:56 Moon Well
19:11 Ancient of Wonders
19:25 Ancient of Wonders
19:38 Ancient Protector
19:51 Tree of Life
26:47 Spirit Tower
» items
| Healing Salve | 2 | |
| Staff of Teleportation | 1 | |
| Scroll of Healing | 1 | |
| Boots of Speed | 1 | |
| Scroll of Town Portal | 2 | |
| Orb of Lightning | 2 | |
| Dust of Appearance | 1 | |
10 total
ARTHAS-JAINA (
green | 69 APM | 1933 actions | 28:07)
5 Blademaster
3 Wind Walk
2 Critical Strike
» actions
| Assign group hotkey | 35 | |
| Basic commands | 108 | |
| Build / train | 67 | |
| Enter build submenu | 32 | |
| Enter hero's abilities submenu | 5 | |
| Give item / drop item | 2 | |
| Right click | 720 | |
| Select / deselect | 268 | |
| Select group hotkey | 597 | |
| Use ability | 99 | |
1933 total
» units
| Peon | 16 | |
| Grunt | 3 | |
| Wind Rider | 9 | |
| Troll Batrider | 3 | |
31 total
» upgrades
| Reinforced Defenses | 1 | |
| Ranged Weapons | 2 | |
| Armor | 2 | |
| Liquid Fire | 1 | |
| Ensnare | 1 | |
| Envenomed Spears | 1 | |
8 total
» buildings
| Altar of Storms | 1 | |
| Orc Burrow | 7 | |
| Barracks | 1 | |
| Voodoo Lounge | 1 | |
| Great Hall | 3 | |
| Stronghold | 4 | |
| War Mill | 1 | |
| Fortress | 4 | |
| Beastiary | 4 | |
| Watch Tower | 21 | |
47 total
» build order
00:06 Altar of Storms
00:16 Orc Burrow
00:36 Barracks
01:24 Orc Burrow
01:55 Voodoo Lounge
03:44 Great Hall
04:03 Stronghold
04:03 Stronghold
04:29 War Mill
05:31 Orc Burrow
06:28 Fortress
06:28 Fortress
06:31 Beastiary
06:36 Beastiary
07:35 Watch Tower
07:35 Watch Tower
07:35 Watch Tower
07:36 Watch Tower
09:22 Watch Tower
10:19 Watch Tower
10:20 Watch Tower
10:26 Watch Tower
10:27 Watch Tower
11:30 Beastiary
11:36 Orc Burrow
11:39 Orc Burrow
12:13 Watch Tower
12:17 Watch Tower
14:09 Orc Burrow
14:50 Watch Tower
16:46 Stronghold
16:46 Stronghold
17:22 Great Hall
17:35 Watch Tower
17:35 Watch Tower
17:36 Watch Tower
17:38 Orc Burrow
19:20 Fortress
20:06 Beastiary
22:14 Great Hall
22:17 Watch Tower
22:17 Watch Tower
22:17 Watch Tower
23:45 Watch Tower
23:46 Watch Tower
23:47 Watch Tower
» items
| Healing Salve | 2 | |
| Staff of Teleportation | 1 | |
| Potion of Lesser Invulnerability | 1 | |
| Orb of Lightning | 1 | |
| Scroll of Town Portal | 4 | |
| Potion of Mana | 1 | |
| Tiny Great Hall | 1 | |
11 total
freedomainradio (
orange | 77 APM | 2099 actions | 27:07)
5 Firelord
3 Summon Lava Spawn
2 Soul Burn
2 Shadow Hunter
1 Healing Wave
1 Hex
» actions
| Assign group hotkey | 51 | |
| Basic commands | 25 | |
| Build / train | 111 | |
| ESC pressed | 8 | |
| Enter build submenu | 23 | |
| Enter hero's abilities submenu | 8 | |
| Give item / drop item | 1 | |
| Right click | 610 | |
| Select / deselect | 549 | |
| Select group hotkey | 575 | |
| Use ability | 138 | |
2099 total
» units
| Peon | 17 | |
| Grunt | 5 | |
| Spirit Walker | 4 | |
| Shaman | 3 | |
| Troll Witch Doctor | 1 | |
| Wind Rider | 7 | |
| Kodo Beast | 2 | |
| Troll Batrider | 7 | |
| Troll Headhunter/Berserker | 1 | |
47 total
» upgrades
| Berserker Strength | 1 | |
| Ranged Weapons | 3 | |
| Spirit Walker Training | 3 | |
| Shaman Training | 2 | |
| Armor | 3 | |
| Envenomed Spears | 1 | |
| War Drums Damage Increase | 1 | |
| Reinforced Defenses | 1 | |
| Melee Weapons | 1 | |
| Witch Doctor Training | 1 | |
| Liquid Fire | 1 | |
| Ensnare | 1 | |
| Berserker Upgrade | 1 | |
20 total
» buildings
| Barracks | 1 | |
| Orc Burrow | 7 | |
| Altar of Storms | 1 | |
| War Mill | 1 | |
| Voodoo Lounge | 1 | |
| Stronghold | 5 | |
| Great Hall | 1 | |
| Watch Tower | 2 | |
| Fortress | 1 | |
| Spirit Lodge | 2 | |
| Beastiary | 4 | |
26 total
» build order
00:11 Barracks
00:25 Orc Burrow
00:40 Altar of Storms
01:16 War Mill
01:52 Orc Burrow
02:24 Voodoo Lounge
04:15 Stronghold
04:19 Stronghold
05:25 Great Hall
05:41 Orc Burrow
06:56 Orc Burrow
07:09 Watch Tower
07:48 Fortress
07:50 Spirit Lodge
07:50 Spirit Lodge
09:53 Beastiary
10:59 Beastiary
11:51 Beastiary
11:59 Beastiary
14:09 Orc Burrow
14:11 Orc Burrow
18:20 Orc Burrow
19:10 Watch Tower
» items
| Lesser Clarity Potion | 4 | |
| Healing Salve | 5 | |
| Circlet of Nobility | 1 | |
| Scroll of Speed | 1 | |
| Scroll of Town Portal | 4 | |
| Potion of Healing | 3 | |
| Orb of Lightning | 1 | |
| Scroll of Protection | 1 | |
| Potion of Lesser Invulnerability | 1 | |
| Potion of Mana | 1 | |
22 total
Chat log
(00:12 / Allies) youRnoob: whats up noobs
(00:14 / Allies) youRnoob: im gonna tk
(00:16 / Allies) youRnoob: who first
(00:20 / Allies) Kazakhstan: do me in i dont care
(00:27 / Allies) youRnoob: ok who next
(00:28 / Allies) voltor: cant touch me
(00:34 / Allies) voltor: im covered in leet sauce
(00:45 / Allies) Kazakhstan: ur covered in neet sauce
(00:46 / Allies) youRnoob: thats cum
(00:47 / Allies) youRnoob: pink
(00:50 / Allies) youRnoob: ur covered in cum
(01:03 / Allies) youRnoob: my cum
(01:04 / All) ARTHAS-JAINA: ur mom sucks, teal
(01:04 / Allies) youRnoob: fter i tk u
(01:05 / Allies) voltor: your cum?
(01:27 / Allies) youRnoob: on a real no
(01:28 / Allies) youRnoob: note
(01:29 / Allies) youRnoob: rush
(01:40 / Allies) Kazakhstan: ur momsy left me a note
(03:01 / Allies) youRnoob: 100 g
(03:57 / Allies) HEYNANCY: gold?
(04:05 / Allies) HEYNANCY: ty
(04:19 / Allies) HEYNANCY: only had 4 on gold mine for some raeson
(04:24 / Allies) Kazakhstan: short staffed
(04:32 / Allies) Kazakhstan: now hiring
(04:40 / Allies) Kazakhstan: requirements
(04:49 / Allies) Kazakhstan: 4 years in industry and peasant diploma
(04:50 / Allies) HEYNANCY: requirements, work for free
(06:45 / Allies) voltor: hammer time
(06:54 / All) HEYNANCY: nice
(07:13 / All) HEYNANCY: doubt u mh
(07:25 / All) Fishay_Pussay: yea probably not being that its obvious expo locations asshole
(07:35 / All) HEYNANCY: yeah he just went to perfect spot with mass fiend
(07:38 / All) HEYNANCY: and I didn't upgarde tower
(07:56 / Allies) voltor: tp
(08:09 / Allies) youRnoob: i missed it
(08:09 / Allies) youRnoob: get b
(08:31 / Allies) youRnoob: pink bro chill
(08:53 / Allies) youRnoob: invis morts pumping
(09:51 / Allies) HEYNANCY: lumber?
(10:14 / Allies) youRnoob: any1 spare gold for lumber
(10:38 / All) youRnoob: yea ur mhin
(10:41 / All) ARTHAS-JAINA: seriously yelllow hit blue
(10:43 / All) youRnoob: u started running before i was in vision
(10:58 / All) youRnoob: pathetic red
(10:59 / All) youRnoob: truly
(11:05 / All) Fishay_Pussay: LOL
(11:15 / All) Fishay_Pussay: ill show u pathetic
(11:28 / All) youRnoob: you already have
(12:30 / All) youRnoob: see that shit comin bitch
(12:47 / All) Fishay_Pussay: ur a super noob
(12:52 / All) youRnoob: nice chim roosts
(13:00 / All) Fishay_Pussay: thanks for feeding me asshole
(13:02 / All) youRnoob: guess no chims for you
(13:15 / All) youRnoob: nice base
(13:18 / All) youRnoob: guys skip him
(13:20 / All) youRnoob: hes no threat
(13:29 / All) youRnoob: just a mher with nothin
(13:37 / Allies) youRnoob: pink pls move ur units
(13:58 / Allies) Kazakhstan: woah
(14:10 / Allies) voltor: tp
(14:14 / Allies) Kazakhstan: all that towers and blue just
(14:16 / Allies) Kazakhstan: no prob at all
(14:18 / All) ARTHAS-JAINA: blue
(14:20 / All) ARTHAS-JAINA: i said dont tp
(15:07 / Allies) voltor: aa?
(15:21 / Allies) Kazakhstan: huh.
(15:28 / Allies) Kazakhstan: i guess thats that im officially not in the game
(15:43 / Allies) Kazakhstan: why try
(15:45 / Allies) Kazakhstan: he just stomps me
(16:06 / Allies) youRnoob: pink ur main
(16:16 / Allies) voltor: no aa
(16:18 / Allies) voltor: rofl
(16:55 / Allies) youRnoob: help my expo
(17:31 / All) youRnoob: thx noob
(18:25 / Allies) youRnoob: incoming from oj
(18:46 / Allies) youRnoob: tp to me guys
(18:48 / All) Fishay_Pussay: teal coming
(18:49 / All) Fishay_Pussay: UH OH
(18:52 / Allies) youRnoob: im hitting red
(18:56 / Allies) HEYNANCY: coming
(19:06 / Allies) HEYNANCY: need more aa
(19:14 / Allies) voltor: teal should get tanks...
(19:20 / Allies) youRnoob: no tp?
(19:27 / Allies) HEYNANCY: I need help
(19:32 / Allies) HEYNANCY: someone else tp
(19:44 / Allies) Kazakhstan: my base is only a farm, nothing can save it
(20:02 / Allies) HEYNANCY: hit that base teal
(20:03 / Allies) HEYNANCY: instead
(20:18 / Allies) Kazakhstan: bad game tbh
(20:24 / All) Fishay_Pussay: sorry teal
(20:26 / All) Fishay_Pussay: u guys lsot
(20:44 / All) Fishay_Pussay: thats what u get for invisible mortars noob
(20:54 / All) youRnoob: im having fun
(23:46 / All) Fishay_Pussay: ugh guess we gonna be here all day
(24:34 / All) Fishay_Pussay: whose playing over there?
(24:55 / All) FOXy: no life
(25:12 / All) HEYNANCY: I am
(27:03 / All) freedomainradio: lol 5v
(27:05 / All) freedomainradio: 5v3
(27:12 / All) ARTHAS-JAINA: lawl
(27:32 / All) ARTHAS-JAINA: who win
(27:42 / All) HEYNANCY: my team
(27:48 / All) ARTHAS-JAINA: me leave?
(27:52 / All) HEYNANCY: yeah I thin lbue mh